 Dungeon Crawl Stone Soup version 0.25-a0-63-gbefff83b7c (webtiles) character file.

Game seed: 11427602733112218145, levelgen mode: deterministic

335 Gargoyl the Skirmisher (level 6, 0/53 HPs)
             Began as a Draconian Abyssal Knight on Nov 1, 2019.
             Was a Believer of Lugonu.
             Slain by an iguana (7 damage)
             ... on level 3 of the Dungeon.
             The game lasted 00:04:51 (2745 turns).

Gargoyl the Skirmisher (Draconian Abyssal Knight)   Turns: 2745, Time: 00:04:52

Health: 0/53       AC:  6    Str: 16      XL:     6   Next: 28%
Magic:  14/17      EV: 10    Int: 12 (13) God:    Lugonu [**....]
Gold:   110        SH:  7    Dex: 10      Spells: 3/5 levels left

rFire    . . .     SeeInvis .   a - +1 hand axe
rCold    . . .     Gourm    .   c - +0 shield
rNeg     . . .     Faith    .   (armour unavailable)
rPois    .         Spirit   .   (helmet restricted)
rElec    .         Reflect  .   (no cloak)
rCorr    .         Harm     .   (no gloves)
MR       .....                  (no boots)
Stlth    +.........             (no amulet)
HPRegen  0.17/turn              i - ring of magical power
MPRegen  0.15/turn              (no ring)

@: very slightly contaminated
A: unfitting armour, deterioration 1, cold-blooded, AC +6
a: Depart the Abyss, Bend Space, Renounce Religion


You were on level 3 of the Dungeon.
You worshipped Lugonu.
Lugonu was pleased with you.
You were not hungry.

You visited 1 branch of the dungeon, and saw 3 of its levels.
You visited the Abyss 1 time.

You collected 110 gold pieces.

Inventory:

Hand Weapons
 a - a +1 hand axe (weapon)
Armour
 c - a +0 shield (worn)
Jewellery
 i - a ring of magical power (left hand)
 l - an uncursed amulet of faith {unknown}
Wands
 d - a wand of polymorph (9)
Scrolls
 e - a scroll of identify {unknown}
 f - a scroll of immolation {unknown}
 g - a scroll of teleportation {unknown}
 k - a scroll of magic mapping
Potions
 h - a potion of curing
 j - a potion of degeneration {unknown}
Comestibles
 b - 6 rations


   Skills:
 + Level 4.4 Fighting
 + Level 3.7 Axes
 * Level 3.8 Dodging
 + Level 0.6 Stealth
 + Level 1.0 Shields
 + Level 0.2 Spellcasting
 + Level 0.2 Air Magic
 + Level 0.2 Poison Magic
 * Level 3.3 Invocations


You had 3 spell levels left.
You knew the following spells:

 Your Spells              Type           Power        Failure   Level  Hunger
a - Poisonous Vapours     Pois/Air       #.....       95%         2    ###....

Your spell library contained the following spells:

 Spells                   Type           Power        Failure   Level  Hunger
 Conjure Flame            Conj/Fire      #.......     99%         3    ####...
 Mephitic Cloud           Conj/Pois/Air  #.......     99%         3    ####...
 Freezing Cloud           Conj/Ice/Air   #.........   100%        6    #######
 Ring of Flames           Chrm/Fire      #.........   100%        7    #######


Dungeon Overview and Level Annotations

Branches:
Dungeon (3/15)

Altars:


Innate Abilities, Weirdness & Mutations

Your plain brown scales are hard. (AC +6)
You cannot fit into any form of body armour.
You are cold-blooded and may be slowed by cold attacks.
Your body sometimes deteriorates upon taking damage.


Message History

An adder skeleton comes into view.
You block the iguana's attack.
You slash the iguana!
You tail-slap the iguana, but do no damage.
The iguana is almost dead.
The iguana bites you!
* * * LOW HITPOINT WARNING * * *
Your body deteriorates!
You feel dopey.
Unknown command.
You see here 11 gold pieces.
You feel better. The iguana bites you!
* * * LOW HITPOINT WARNING * * *
Casting: Poisonous Vapours (quite dangerous; 95% risk of failure)
Confirm with . or Enter, or press ? or * to list all spells.
Aiming: Poisonous Vapours (quite dangerous; 95% risk of failure)
Press: ? - help, Dir - move target cursor, f/p - iguana
Aim: an iguana (almost dead)
You miscast Poisonous Vapours.
You feel a strange surge of energy! The iguana bites you!
You die...

#..# ..# ... ...#
#.##.#.## .
##.#......
..######Z......#
...(.........#
........$###.....
.......)l# ##.
..######@###.###.
#.<.......
#)....####
#.###..... #.#
.### #.# # #..
##. .


You could see an iguana and an adder skeleton.

Vanquished Creatures
  Sigmund (D:2)
  A phantom (D:2)
  Robin (D:2)
  2 adders (D:2)
  A worm (D:2)
  3 leopard geckos
  5 orcs
  A giant cockroach (D:1)
  14 goblins
  6 hobgoblins
  A ball python (D:1)
  6 bats
  2 frilled lizards
  3 kobolds
  7 rats
54 creatures vanquished.

Notes
Turn   | Place    | Note
-------+----------+-------------------------------------------
     0 | Abyss:1  | Gargoyl the Draconian Abyssal Knight began the quest for
                  | the Orb.
     0 | Abyss:1  | Reached XP level 1. HP: 19/19 MP: 2/2
    39 | Abyss:2  | Noticed a frost giant simulacrum
    45 | Abyss:2  | Noticed a cyan very ugly thing
    46 | Abyss:2  | Noticed a cyan very ugly thing
    46 | Abyss:2  | Noticed a cyan very ugly thing
    89 | Abyss:3  | Noticed a tentacled starspawn
    89 | Abyss:3  | Noticed a large abomination
    90 | D:1      | Escaped the Abyss
    93 | D:1      | Noticed a vampire
    93 | D:1      | Noticed a spriggan
    95 | D:1      | Noticed a dwarf
    97 | D:1      | Noticed a demigod
    99 | D:1      | Noticed a merfolk
    99 | D:1      | Noticed an ogre
   101 | D:1      | Noticed a centaur
   101 | D:1      | Noticed a tengu
   103 | D:1      | Noticed an elf
   103 | D:1      | Noticed a formicid
   105 | D:1      | Noticed a halfling
   105 | D:1      | Noticed a vine stalker
   108 | D:1      | Noticed an octopode
   108 | D:1      | Noticed a gargoyle
   110 | D:1      | Noticed a ghoul
   110 | D:1      | Noticed a felid
   112 | D:1      | Noticed a naga
   112 | D:1      | Noticed a troll
   114 | D:1      | Noticed a draconian
   114 | D:1      | Noticed a human
   116 | D:1      | Noticed a demonspawn
   118 | D:1      | Noticed a minotaur
   451 | D:1      | Reached XP level 2. HP: 26/26 MP: 3/3
   798 | D:1      | Reached * piety under Lugonu
  1221 | D:2      | Reached XP level 3. HP: 14/33 MP: 4/4
  1222 | D:2      | Noticed Sigmund
  1642 | D:2      | Killed Sigmund
  1642 | D:2      | Reached skill level 4 in Fighting
  1642 | D:2      | Reached XP level 4. HP: 23/40 MP: 6/6
  1642 | D:2      | Reached XP level 5. HP: 27/46 MP: 7/7
  1688 | D:2      | Learned a level 2 spell: Poisonous Vapours
  1742 | D:2      | Noticed Robin
  1756 | D:2      | Gained mutation: Your body sometimes deteriorates upon
                  | taking damage. [mutagenic glow]
  1769 | D:2      | Killed Robin
  1773 | D:2      | Reached ** piety under Lugonu
  2583 | D:3      | Noticed a phantom
  2634 | D:2      | Killed a phantom
  2634 | D:2      | Reached XP level 6. HP: 39/53 MP: 8/8
  2715 | D:3      | Reached skill level 1 in Shields
  2745 | D:3      | Slain by an iguana

Levels and vault maps discovered:
D:1:      kb_arrival_jail, layout_basic, nrook_mini_vaults,
          wad_floor_pattern_untrapped
D:2:      layout_loops_ring, nicolae_overflow_hidden_temple, first_ration,
          minmay_misc_feat_doors, uniq_robin, uniq_sigmund
D:3:      layout_loops_cross, serial_undead, serial_undead_d, serial_undead_d,
          serial_undead_c, serial_undead_e, serial_undead_f, serial_undead_d,
          bh_walls_and_bars

Skill      XL: |  1  2  3  4  5  6 |
---------------+-------------------+-----
Fighting       | 4 |  4.4
Axes           | 3 |  3.7
Dodging        | 3 |  3.8
Invocations    | 3 |  3.3
Shields        | 1 |  1.0
Stealth        | |  0.6
Spellcasting   | |  0.2
Air Magic      | |  0.2
Poison Magic   | |  0.2

Action                   |  1- 3 |  4- 6 || total
-------------------------+-------+-------++-------
Melee: Hand axe          |    68 |   103 ||   171
       Tailslap          |     5 |     9 ||    14
 Cast: Poisonous Vapours |       |     1 ||     1
Invok: Depart the Abyss  |     1 |       ||     1
  Use: Scroll            |     3 |       ||     3
       Potion            |     1 |     3 ||     4
  Eat: Chunk             |     1 |     6 ||     7
Armor: Skin              |    22 |    30 ||    52
Dodge: Dodged            |    42 |    52 ||    94
Block: Shield            |    20 |    39 ||    59

Table legend:
 A = Non-vault XP
 B = Vault XP
 C = Vault XP percentage of total XP
 D = Non-vault monster count
 E = Vault monster count
 F = Vault count percentage of total count
                 A         B        C        D         E       F
            +---------+---------+-------+---------+---------+-------
      Total |     227 |     252 |  52.6 |      45 |       9 |  16.7
            +---------+---------+-------+---------+---------+-------
        D:1 |      23 |       0 |   0.0 |      13 |       0 |   0.0
        D:2 |     191 |     252 |  56.9 |      27 |       9 |  25.0
        D:3 |      13 |       0 |   0.0 |       5 |       0 |   0.0
            +---------+---------+-------+---------+---------+-------
